 Dungeon Crawl Stone Soup version 0.22-b1-26-g9dbaab1 (webtiles) character file.

539 Lilu the Destroyer (level 7, -12/38 HPs)
             Began as a Deep Elf Conjurer on Aug 7, 2018.
             Was an Initiate of Vehumet.
             Mangled by a gnoll
             ... wielding a +0 whip of electrocution
              (13 damage)
             ... on level 4 of the Dungeon on Aug 8, 2018.
             The game lasted 00:15:30 (4085 turns).

Lilu the Destroyer (Deep Elf Conjurer)              Turns: 4085, Time: 00:15:32

Health: -12/38     AC:  3    Str:  7    XL:     7   Next: 5%
Magic:  6/14       EV: 13    Int: 20    God:    Vehumet [......]
Gold:   187        SH:  0    Dex: 15    Spells: 6/13 levels left

rFire    . . .     SeeInvis +   e - +2 dagger (venom)
rCold    . . .     Gourm    .   (no shield)
rNeg     . . .     Faith    .   b - +0 robe
rPois    .         Spirit   .   (no helmet)
rElec    .         Reflect  .   g - +0 cloak
rCorr    .         Harm     .   (no gloves)
MR       .....                  (no boots)
Stlth    +.........             (no amulet)
HPRegen  0.12/turn              o - ring of see invisible
MPRegen  0.14/turn              p - ring of flight

@: glowing
A: no striking features
a: Renounce Religion, Evoke Flight


You were on level 4 of the Dungeon.
You worshipped Vehumet.
Vehumet was noncommittal.
You were hungry.

You visited 2 branches of the dungeon, and saw 6 of its levels.

You collected 187 gold pieces.

Inventory:

Hand Weapons
 e - a +2 dagger of venom (weapon)
Missiles
 j - 71 sling bullets
 m - 12 tomahawks (quivered)
Armour
 b - a +0 robe (worn)
 g - a +0 cloak (worn)
Jewellery
 f - an uncursed amulet of guardian spirit
 o - a ring of see invisible (left hand)
 p - a ring of flight (right hand)
 q - an uncursed ring of ice
Wands
 d - a wand of acid (6)
Scrolls
 h - 2 scrolls of magic mapping
 i - a scroll of enchant armour {unknown}
 k - a scroll of enchant weapon
 l - 2 scrolls of remove curse
 n - a scroll of fog {unknown}
Potions
 r - a potion of curing
Comestibles
 c - 5 rations


   Skills:
 + Level 1.2 Fighting
 + Level 3.3 Dodging
 - Level 2.4 Stealth
 + Level 3.8 Spellcasting
 - Level 8.6 Conjurations


You had 6 spell levels left.
You knew the following spells:

 Your Spells              Type           Power        Failure   Level  Hunger
a - Magic Dart            Conj           ####         1%          1    None
b - Searing Ray           Conj           #####.       1%          2    ##.....
c - Iskenderun's Mystic   Conj           #####...     3%          4    ####...

Your spell library contained the following spells:

 Spells                   Type           Power        Failure   Level  Hunger
 Fulminant Prism          Conj/Hex       ###.......   22%         4    ####...
 Dazzling Spray           Conj/Hex       ###...       7%          3    ###....
 Force Lance              Conj/Tloc      ###.....     22%         4    ####...


Dungeon Overview and Level Annotations

Branches:
Dungeon (5/15)             Temple (1/1) D:4

Altars:
Ashenzari
Dithmenos
Fedhas
Kikubaaqudgha
Trog
Uskayaw
Vehumet


Message History

You are outlined in light.
The gnoll hits you with a whip of electrocution.
The gnoll shaman looks more healthy.
There is a stone staircase leading up here.
The gnoll shaman mumbles some strange prayers to its god.
The gnoll shaman is healed somewhat.
You hit the gnoll.
The gnoll is lightly wounded.
The gnoll shaman calls upon its god to speed up the gnoll.
The gnoll seems to speed up.
The gnoll hits you but does no damage.
You are electrocuted!
* * * LOW HITPOINT WARNING * * *
You feel better.
The gnoll hits you with a whip of electrocution.
You are electrocuted!
* * * LOW HITPOINT WARNING * * *
The gnoll hits you with a whip of electrocution.
* * * LOW HITPOINT WARNING * * *
You are electrocuted!
You die...

# 8...8######.###### #
##8## #<# ######### ### #.#
......## #.# #.# .......#
#.# #g# .......# #.# ###.#
.......## #.# #...#
........# #.# #.g.####
........###.###.@....######
......#.......#...##......#
..................###'###.#
.......###<.###...#.....#.#
.......# #.## #...#.....#.#
.......###.# #...#.....#.#
.......##..# #...'[.>..'.#
.......##.## #...#.....###
......###.#####...#.....#


You could see a gnoll shaman and a gnoll.

Vanquished Creatures
  An ogre (D:4)
  A scorpion (D:4)
  2 hounds (D:4)
  3 iguanas
  4 worker ants
  A hound skeleton (D:4)
  4 gnolls
  5 adders
  3 worms
  A dart slug (D:2)
  3 leopard geckos
  5 orcs
  3 giant cockroaches
  7 goblins
  9 hobgoblins
  2 jackals (D:3)
  A quokka (D:2)
  A ball python (D:1)
  9 bats
  5 frilled lizards
  6 kobolds
  5 rats
81 creatures vanquished.

Notes
Turn   | Place    | Note
-------+----------+-------------------------------------------
     0 | D:1      | Lilu the Deep Elf Conjurer began the quest for the Orb.
     0 | D:1      | Reached XP level 1. HP: 10/10 MP: 6/6
   263 | D:1      | Reached XP level 2. HP: 11/15 MP: 0/8
   289 | D:1      | Reached skill level 5 in Conjurations
   990 | D:2      | Reached XP level 3. HP: 19/19 MP: 5/9
  1048 | D:2      | Learned a level 2 spell: Searing Ray
  1151 | D:2      | Reached skill level 6 in Conjurations
  1270 | D:2      | Reached XP level 4. HP: 24/24 MP: 7/10
  1285 | D:2      | Learned a level 4 spell: Iskenderun's Mystic Blast
  2589 | D:4      | Reached skill level 7 in Conjurations
  2589 | D:4      | Reached XP level 5. HP: 26/28 MP: 3/11
  2845 | D:4      | Found an ancient bone altar of Kikubaaqudgha.
  2943 | D:4      | Reached skill level 8 in Conjurations
  3139 | D:4      | Reached XP level 6. HP: 32/32 MP: 8/12
  3451 | D:4      | Found a blossoming altar of Fedhas.
  3452 | D:4      | Found a shadowy altar of Dithmenos.
  3512 | D:4      | Found a staircase to the Ecumenical Temple.
  3520 | Temple   | Entered the Ecumenical Temple
  3574 | Temple   | Became a worshipper of Vehumet
  3706 | D:5      | Entered Level 5 of the Dungeon
  3994 | D:5      | Noticed a water moccasin
  4013 | D:4      | Reached skill level 1 in Fighting
  4013 | D:4      | Reached XP level 7. HP: 38/38 MP: 10/14
  4085 | D:4      | HP: 1/38 [gnoll/whip of electrocution (2)]
  4085 | D:4      | Mangled by a gnoll

Skill      XL: |  1  2  3  4  5  6 |
---------------+-------------------+-----
Conjurations   | 5 6 7 8 |  8.6
Dodging        | 3 |  3.3
Fighting       | 1 |  1.2
Stealth        | |  2.4
Spellcasting   | |  3.8

Action                   |  1- 3 |  4- 6 |  7- 9 || total
-------------------------+-------+-------+-------++-------
Melee: Dagger            |       |    28 |     4 ||    32
 Cast: Magic Dart        |    50 |    65 |       ||   115
       Searing Ray       |     2 |    19 |     1 ||    22
       Iskenderun's Myst |       |       |     2 ||     2
  Use: Scroll            |       |     6 |       ||     6
       Potion            |       |       |     1 ||     1
  Eat: Chunk             |     1 |     9 |       ||    10
Armor: Robe              |       |    21 |     2 ||    23
Dodge: Dodged            |     5 |    30 |     7 ||    42
